 Dungeon Crawl Stone Soup version 0.27-a0-412-g8dd771eca2 (webtiles) character file.

Game seed: 13334052294265295778

64 ReteAZ the Insei (level 3, -1/27 HPs)
             Began as a Demigod Transmuter on Feb 24, 2021.
             Slain by Terence
             ... wielding a +0 flail
              (8 damage)
             ... on level 2 of the Dungeon.
             The game lasted 00:02:49 (2433 turns).

ReteAZ the Insei (Demigod Transmuter)               Turns: 2433, Time: 00:02:50

Health: -1/27      AC:  3    Str: 11    XL:     3   Next: 64%
Magic:  7/8        EV: 12    Int: 15    God:
Gold:   81         SH:  0    Dex: 18    Spells: 2/6 levels left

rFire    . . .     SeeInvis .     - Unarmed
rCold    . . .     Faith    .   (no shield)
rNeg     . . .     Spirit   .   a - +0 robe
rPois    .         Reflect  .   (helmet currently unavailable)
rElec    .         Harm     .   l - +0 cloak
rCorr    .         Rampage  .   (no gloves)
Will     .....                  (boots currently unavailable)
Stlth    ++........             (no amulet)
HPRegen  0.09/turn              (no ring)
MPRegen  0.11/turn              (no ring)

@: appendages
A: horns 2, talons 2, high mp 1
a: End Transformation


You were on level 2 of the Dungeon.
You had grown temporary horns.
You had grown temporary talons.
You visited 1 branch of the dungeon, and saw 2 of its levels.

You collected 81 gold pieces.

Inventory:

Armour
 a - a +0 robe (worn)
 l - a +0 cloak (worn)
 n - a +0 ring mail
Scrolls
 c - 3 scrolls of identify {unknown}
 e - a scroll of amnesia {unknown}
 f - 3 scrolls of random uselessness {unknown}
 g - a scroll of fog {unknown}
 h - a scroll of noise {unknown}
 m - a scroll of magic mapping {unknown}
 o - a scroll of teleportation {unknown}
Potions
 b - a potion of ambrosia {unknown}
 d - 2 potions of curing {unknown}
 i - a potion of degeneration {unknown}
 j - a potion of flight {unknown}
 k - 2 potions of heal wounds {unknown}


   Skills:
 - Level 0.8 Fighting
 - Level 1.7 Dodging
 * Level 3.5 Unarmed Combat
 + Level 2.1 Spellcasting
 * Level 2.8 Transmutations
 + Level 0.0 Poison Magic


You had 2 spell levels left.
You knew the following spells:

 Your Spells              Type           Power        Failure   Level
a - Beastly Appendage     Tmut           20%          7%          1
b - Spider Form           Tmut/Pois      2%           36%         3

Your spell library contained the following spells:

 Spells                   Type           Power        Failure   Level
 Wereblood                Tmut           10%          11%         2
 Ice Form                 Ice/Tmut       5%           77%         4
 Blade Hands              Tmut           5%           88%         5


Dungeon Overview and Level Annotations

Branches:
Dungeon (2/15)

Annotations:
D:2 1 runed translucent door, Crazy Yiuf, Terence


Innate Abilities, Weirdness & Mutations

You have an increased reservoir of magic. (+10% MP)
You have a pair of horns on your head.
You have razor-sharp toenails.


Message History

Terence closely misses you.
You barely miss Terence. You claw Terence, but do no damage.
Terence is almost dead.
Terence completely misses you.
You hit Terence but do no damage. You claw Terence, but do no damage.
You headbutt Terence, but do no damage.
Terence is almost dead.
Terence barely misses you.
You hit Terence but do no damage. You claw Terence, but do no damage.
You headbutt Terence.
Terence is almost dead.
You hit Terence but do no damage.
Terence is almost dead.
Terence hits you with a +0 flail.
* * * LOW HITPOINT WARNING * * *
You hit Terence but do no damage. You claw Terence.
Terence is almost dead.
Terence barely misses you.
You barely miss Terence.
Terence is almost dead.
Terence says, "Did you write a will?
You should..."
Terence misses you.
You closely miss Terence. You claw Terence, but do no damage.
You headbutt Terence, but do no damage.
Terence is almost dead.
Terence closely misses you.
You barely miss Terence. You claw Terence, but do no damage.
You headbutt Terence, but do no damage.
Terence is almost dead.
Your horns disappear.
Your talons disappear.
You hit Terence but do no damage.
Terence is almost dead.
Terence says, "You're history."
Terence misses you.
You are too injured to fight recklessly!
Casting: Beastly Appendage (safe; 7% risk of failure)
Confirm with . or Enter, or press ? or * to list all spells.
You grow a pair of large bovine horns.
Your feet morph into talons.
Terence hits you with a +0 flail!
You die...

###############
#.............#
.#######.###########.##
.[.....@@...$..####...###
..#....#.#####........†.)
#.##.#.# #.####...### #
#.... ##.## #..... #.#
##...## #.# ##.## #.# #
#.# #.# # ..# #


You could see Terence.

Vanquished Creatures
  An ooze (D:2)
  2 worms (D:2)
  A dart slug (D:1)
  A leopard gecko (D:2)
  2 giant cockroaches (D:1)
  4 goblins
  5 hobgoblins
  8 jackals
  2 ball pythons (D:1)
  8 bats
  6 frilled lizards
  2 kobolds (D:1)
  7 rats
49 creatures vanquished.

Vanquished Creatures (others)
  3 fungi (D:2)
3 creatures vanquished.

Grand Total: 52 creatures vanquished

Notes
Turn   | Place    | Note
-------+----------+-------------------------------------------
     0 | D:1      | ReteAZ the Demigod Transmuter began the quest for the Orb.
     0 | D:1      | Reached XP level 1. HP: 15/15 MP: 5/5
   501 | D:1      | Reached XP level 2. HP: 8/22 MP: 5/7
   506 | D:1      | Reached skill level 3 in Unarmed Combat
  1253 | D:1      | You fall into a shaft and drop 1 floor!
  1339 | D:1      | Reached XP level 3. HP: 22/27 MP: 5/8
  2230 | D:2      | Found a runed translucent door.
  2231 | D:2      | Noticed Crazy Yiuf
  2387 | D:2      | Noticed Terence
  2403 | D:2      | Learned a level 3 spell: Spider Form
  2433 | D:2      | Slain by Terence

Illustrated notes

Levels and vault maps discovered:
D:1:      mushboom_english_gardens, layout_basic
D:2:      layout_loops_ring, uniq_crazy_yiuf_cottage, uniq_terence

Skill      XL: |  1  2 |
---------------+-------+-----
Transmutations | 2 |  2.8
Unarmed Combat | 3 |  3.5
Spellcasting   | 2 |  2.1
Fighting       | |  0.8
Dodging        | |  1.7

Action                   || total
-------------------------++-------
Melee: Unarmed           ||   147
       Headbutt          ||    29
       Kick              ||    35
       Punch             ||     2
 Cast: Beastly Appendage ||    40
Armor: Robe              ||    25
       Ring mail         ||    12
Dodge: Dodged            ||    79

Table legend: (Time is in decaauts)
 A = Elapsed time spent in this place.
 B = Non-inter-level travel time spent in this place.
 C = Inter-level travel time spent in this place.
 D = Time resting spent in this place.
 E = Time spent auto-exploring this place.
 F = Levels seen in this place.
 G = Mean time per level.
                   A        B        C        D        E       F      G
               +--------+--------+--------+--------+--------+-----+--------+
         Total |   2425 |   2378 |     47 |    213 |   1763 |   2 | 1212.5 |
       Dungeon |   2425 |   2378 |     47 |    213 |   1763 |   2 | 1212.5 |
               +--------+--------+--------+--------+--------+-----+--------+

Top non-repeatable levels by time:
     D:1: 1447 daAuts
     D:2: 978 daAuts
